 Dungeon Crawl Stone Soup version 0.24.0-125-gc4c63601f3 (webtiles) character file.

Game seed: 1406423942505870929, levelgen mode: deterministic

7544 Mesmaeker13 the Frost Mage (level 10, -11/69 HPs)
             Began as a Purple Draconian Ice Elementalist on Mar 1, 2020.
             Was a Priest of Vehumet.
             Mangled by a yak (18 damage)
             ... on level 8 of the Dungeon.
             The game lasted 00:32:26 (16457 turns).

Mesmaeker13 the Frost Mage (DrIE)                  Turns: 16457, Time: 00:32:27

Health: -11/69     AC: 10    Str: 11    XL:     10   Next: 96%
Magic:  1/26       EV: 15    Int: 19    God:    Vehumet [***...]
Gold:   230        SH:  4    Dex: 11    Spells: 5/19 levels left

rFire    + . .     SeeInvis .   l - +0 spear
rCold    . . .     Gourm    +   v - +0 buckler
rNeg     . . .     Faith    .   (armour unavailable)
rPois    .         Spirit   .   (helmet restricted)
rElec    .         Reflect  .   (no cloak)
rCorr    .         Harm     .   c - +2 pair of gloves
MR       +....                  (no boots)
Stlth    ++........             r - amulet of the gourmand
HPRegen  0.21/turn              C - ring of magical power
MPRegen  0.20/turn              g - ring of protection from fire

@: no status effects
A: breathe power, unfitting armour, cold-blooded, AC +7
a: Breathe Dispelling Energy, Renounce Religion


You were on level 8 of the Dungeon.
You worshipped Vehumet.
Vehumet was most pleased with you.
You were completely stuffed.

You visited 3 branches of the dungeon, and saw 12 of its levels.

You collected 481 gold pieces.
You spent 251 gold pieces at shops.

Inventory:

Hand Weapons
 l - a +0 spear (weapon)
 J - a cursed +3 war axe of freezing
 K - a +2 dagger of holy wrath
Missiles
 w - 17 javelins
 F - a throwing net (quivered)
Armour
 c - a +2 pair of gloves (worn)
 u - a +0 shield
 v - a +0 buckler (worn)
Jewellery
 f - an uncursed ring of positive energy
 g - a ring of protection from fire (right hand)
 r - an amulet of the gourmand (around neck)
 t - an uncursed ring of resist corrosion
 C - a ring of magical power (left hand)
Wands
 e - a wand of flame (4)
 L - a wand of random effects (11)
Scrolls
 d - 3 scrolls of enchant weapon {unknown}
 h - 5 scrolls of teleportation
 o - a scroll of brand weapon {unknown}
 p - 2 scrolls of immolation {unknown}
 q - 3 scrolls of magic mapping {unknown}
 y - 6 scrolls of remove curse
 z - 2 scrolls of amnesia
 A - 2 scrolls of enchant armour {unknown}
 D - a scroll of vulnerability {unknown}
 I - a scroll of fear {unknown}
Potions
 a - 4 potions of lignification {unknown}
 i - a potion of berserk rage {unknown}
 j - 2 potions of invisibility {unknown}
 k - 2 potions of heal wounds
 m - 2 potions of brilliance
 n - 3 potions of flight {unknown}
 s - 2 potions of might
 x - 3 potions of curing
 B - a potion of haste
 E - a potion of magic {unknown}
 H - a potion of experience {unknown}
Comestibles
 b - 20 rations
 M - 2 chunks of flesh


   Skills:
 + Level 6.3 Dodging
 - Level 1.7 Stealth
 - Level 4.0 Shields
 - Level 5.0 Spellcasting
 + Level 8.5 Conjurations
 + Level 2.9 Charms
 - Level 7.0 Summonings
 + Level 9.3 Ice Magic


You had 5 spell levels left.
You knew the following spells:

 Your Spells              Type           Power        Failure   Level  Hunger
a - Freeze                Ice            ####         1%          1    None
b - Throw Frost           Conj/Ice       #####.       1%          2    #......
c - Summon Ice Beast      Ice/Summ       #####...     4%          4    ####...
d - Throw Icicle          Conj/Ice       #####...     1%          4    ####...
e - Ozocubu's Armour      Chrm/Ice       ####....     3%          3    ##.....

Your spell library contained the following spells:

 Spells                   Type           Power        Failure   Level  Hunger
 Ignite Poison            Fire/Tmut/Pois #.......     11%         3    ##.....
 Dazzling Spray           Conj/Hex       ###...       1%          3    ##.....
 Ensorcelled Hibernation  Hex/Ice        ###...       2%          2    #......
 Corona                   Hex            #......      12%         1    None
 Confuse                  Hex            #.......     36%         3    ##.....
 Tukima's Dance           Hex            #.......     36%         3    ##.....


Dungeon Overview and Level Annotations

Branches:
Dungeon (10/15)            Temple (1/1) D:5            Lair (1/6) D:8
    Orc (0/2) D:10

Altars:
Ashenzari
Cheibriados
Dithmenos
Elyvilon
Fedhas
Gozag
Hepliaklqana
Kikubaaqudgha
Makhleb
Nemelex Xobeh
Okawaru
Qazlal
Ru
Sif Muna
Trog
Uskayaw
Vehumet
Wu Jian
Xom
Yredelemnul
Zin
The Shining One

Shops:
D:5 ([*   D:6 [   D:8 [   D:10 (=*=

Annotations:
Lair:1 Urug


Innate Abilities, Weirdness & Mutations

You can breathe bolts of dispelling energy.
Your rich purple scales are hard. (AC +7)
You cannot fit into any form of body armour.
You are cold-blooded and may be slowed by cold attacks.


Message History

The yak is severely wounded.
The yak gores you but does no damage.
Casting: Freeze (safe; 1% risk of failure)
Confirm with . or Enter, or press ? or * to list all spells.
Aiming: Freeze (safe; 1% risk of failure)
Press: ? - help, Shift-Dir - straight line, f/p - yak
Aim: a yak (severely wounded)
You freeze the yak!
The yak is almost dead.
The yak gores you.
* * * LOW HITPOINT WARNING * * *
Casting: Freeze (safe; 1% risk of failure)
Confirm with . or Enter, or press ? or * to list all spells.
Aiming: Freeze (safe; 1% risk of failure)
Press: ? - help, Shift-Dir - straight line, f/p - yak
Aim: a yak (almost dead)
You freeze the yak.
The yak is almost dead.
The yak gores you!!
You die...

#......#....................#....
#......#....................#....
##.>.####.##...############..#...
##...####.########........<######
......#....#...>.#.........#
......#....#.....#.........#
......#....#.....#.........#
......#....'.....#.........#
......#....#....@#.........#
......#....#....Y#........)#
#######..###.....#.........###
#...###..#######'#######.....#
..[......#.......#.....#..)).#
.........#.......#.....#.....#
.........#.......#.....#...).#
#..#########....####'###....[####
#'####...##########..######......


You could see a yak.

Vanquished Creatures
  A blink frog (Lair:1)
  2 yaks (Lair:1)
  2 water moccasins
  A porcupine (Lair:1)
  2 orc warriors (D:10)
  3 phantoms
  4 sky beasts
  5 wolves (Lair:1)
  3 ogres
  A centaur (D:8)
  A big kobold (D:7)
  4 bullfrogs
  5 scorpions
  2 killer bees
  2 howler monkeys (D:7)
  5 crimson imps
  A bullfrog zombie (D:6)
  2 centaur zombies (D:7)
  12 orc wizards
  2 orc priests
  3 jellies
  Ijyb (D:5)
  A bullfrog skeleton (D:7)
  An iguana (D:5)
  8 worker ants
  A hound skeleton (D:8)
  7 gnolls
  7 adders
  A shadow imp (D:8)
  An adder zombie (D:7)
  2 adder skeletons
  9 worms
  2 dart slugs (D:1)
  5 leopard geckos
  21 orcs
  5 giant cockroaches
  4 goblins
  15 hobgoblins
  8 jackals
  10 kobolds
  2 quokkas
  A ball python zombie (D:3)
  10 bats
  5 frilled lizards
  A jackal skeleton (D:8)
  A jackal zombie (D:3)
  A leopard gecko skeleton (D:5)
  2 quokka zombies
  11 rats
206 creatures vanquished.

Vanquished Creatures (collateral kills)
  3 spiny frogs (Lair:1)
  2 komodo dragons
  A hornet (D:9)
  7 yaks (Lair:1)
  A hungry ghost (D:8)
  2 sky beasts
  7 orc warriors
  An ice beast (D:8)
  2 phantoms (D:10)
  A wolf (Lair:1)
  A crocodile (Lair:1)
  9 killer bees
  8 wights (D:8)
  An electric eel (D:8)
  3 orc priests
  A worker ant (D:8)
  4 orc wizards
  A hound skeleton (D:9)
  An adder (D:9)
  8 orcs
  3 jackals (D:6)
67 creatures vanquished.

Vanquished Creatures (others)
  A leopard gecko zombie (D:7)
1 creature vanquished.

Grand Total: 274 creatures vanquished

Notes
Turn   | Place    | Note
-------+----------+-------------------------------------------
     0 | D:1      | Mesmaeker13 the Draconian Ice Elementalist began the quest
                  | for the Orb.
     0 | D:1      | Reached XP level 1. HP: 14/14 MP: 3/3
   590 | D:1      | Reached XP level 2. HP: 20/20 MP: 3/5
  1442 | D:1      | Reached XP level 3. HP: 25/26 MP: 2/6
  1603 | D:2      | Learned a level 2 spell: Throw Frost
  2134 | D:2      | Reached XP level 4. HP: 29/33 MP: 4/8
  3208 | D:2      | Reached skill level 4 in Ice Magic
  3292 | D:3      | Reached XP level 5. HP: 27/38 MP: 5/9
  4704 | D:4      | Reached XP level 6. HP: 28/45 MP: 1/11
  5245 | D:5      | Entered Level 5 of the Dungeon
  5478 | D:5      | Found Keyniny's Weapon Shop.
  5528 | D:5      | Noticed Ijyb
  5536 | D:5      | Killed Ijyb
  5574 | D:5      | Noticed a sky beast
  5612 | D:5      | Killed a sky beast
  5612 | D:5      | Reached skill level 1 in Shields
  5667 | D:5      | Noticed a moth of wrath
  5669 | D:5      | Found a bloodstained altar of Trog.
  6008 | D:5      | Your scales start taking on a rich purple colour.
  6008 | D:5      | Reached XP level 7. HP: 50/50 MP: 7/14
  6037 | D:5      | Reached skill level 5 in Spellcasting
  6037 | D:5      | Reached skill level 5 in Ice Magic
  6044 | D:5      | Learned a level 4 spell: Summon Ice Beast
  6101 | D:5      | Found Zeurapre's General Store.
  6124 | D:5      | Bought a potion of heal wounds for 70 gold pieces
  6202 | D:5      | Reached skill level 1 in Summonings
  6329 | D:5      | Found Damposy's Antique Armour Emporium.
  6961 | D:5      | Found a staircase to the Ecumenical Temple.
  7466 | D:6      | Found Zarayqib's Antique Armour Shoppe.
  7577 | D:6      | Reached XP level 8. HP: 57/57 MP: 15/15
  8010 | D:6      | Reached skill level 6 in Ice Magic
  8475 | D:7      | Reached skill level 5 in Conjurations
  9274 | D:7      | Reached XP level 9. HP: 62/62 MP: 16/16
  9936 | D:7      | Reached skill level 7 in Ice Magic
 10230 | D:7      | Found a glowing golden altar of the Shining One.
 10385 | Temple   | Entered the Ecumenical Temple
 10390 | Temple   | Became a worshipper of Vehumet
 10923 | D:8      | Reached skill level 5 in Summonings
 11112 | D:8      | Found a staircase to the Lair.
 11720 | D:8      | Found Rurchah's Armour Shop.
 11723 | D:8      | Bought a +2 pair of gloves for 181 gold pieces
 11781 | D:8      | Reached * piety under Vehumet
 11781 | D:8      | Offered knowledge of Shock by Vehumet.
 12734 | D:8      | Reached skill level 8 in Ice Magic
 13517 | D:10     | Entered Level 10 of the Dungeon
 13558 | D:10     | Learned a level 4 spell: Throw Icicle
 13652 | D:10     | Found Jicugul's Jewellery Shoppe.
 13661 | D:10     | Reached XP level 10. HP: 64/69 MP: 17/17
 13785 | D:9      | Offered knowledge of Throw Flame by Vehumet.
 13854 | D:10     | Reached ** piety under Vehumet
 13877 | D:10     | Found Jerog's Jewellery Emporium.
 13994 | D:10     | Found Biavva's Antique Weapon Emporium.
 14054 | D:10     | Found Eziupiade's Assorted Antiques.
 14082 | D:10     | Reached skill level 5 in Dodging
 15035 | D:10     | Offered knowledge of Ignite Poison by Vehumet.
 15171 | D:10     | Found a staircase to the Orcish Mines.
 15410 | Lair:1   | Entered Level 1 of the Lair of Beasts
 15546 | D:8      | Learned a level 3 spell: Ozocubu's Armour
 15639 | Lair:1   | Noticed a spiny frog
 15646 | Lair:1   | Killed a spiny frog
 15992 | Lair:1   | Noticed Urug
 16018 | Lair:1   | Noticed a spiny frog
 16021 | Lair:1   | Noticed a spiny frog
 16026 | Lair:1   | Killed a spiny frog
 16030 | Lair:1   | Killed a spiny frog
 16030 | Lair:1   | Reached skill level 1 in Charms
 16030 | Lair:1   | Reached skill level 9 in Ice Magic
 16214 | Lair:1   | Reached *** piety under Vehumet
 16457 | D:8      | Mangled by a yak

Levels and vault maps discovered:
D:1:      dpeg_arrival_pond, layout_basic
D:2:      layout_rooms, grunt_ministairs_11, st_stairs_6, minmay_distorted
D:3:      layout_basic, first_ration, serial_undead, serial_undead_f,
          serial_undead_f, serial_undead_c, serial_undead_d
D:4:      layout_rooms, kennysheep_another_room
D:5:      layout_basic, tgw_trog, temple_doors_cd, serial_shops,
          kennysheep_little_box, nicolae_shop_stone, shop, uniq_ijyb
D:6:      layout_loops_cross, serial_shops, shop, nrook_mini_vaults,
          minmay_strange_pillars
D:7:      layout_basic, minmay_liquid_box, grunt_ogre_cave, tso_altar
D:8:      layout_gridville, lair_entry_dummy, serial_shops, nicolae_shop_stone,
          kennysheep_cross_bottleneck, eino_jars
D:9:      layout_cross
D:10:     layout_layer_cave, david_orc_4, serial_shops, nicolae_shop_crystal,
          nicolae_shop_stone, nicolae_shop_waterfront, shop
Temple:   grunt_wide_crystal_templ
Lair:1:   layout_regular_city, infiniplex_staircase_pool, uniq_gastronok,
          uniq_urug

Skill      XL: |  1  2  3  4  5  6  7  8  9 10 |
---------------+-------------------------------+-----
Dodging        | 2 3 4 6 |  6.3
Spellcasting   | 3 4 5 |  5.0
Ice Magic      | 4 5 6 8 9 |  9.3
Conjurations   | 2 3 4 5 7 8 |  8.5
Shields        | 1 3 4 |  4.0
Summonings     | 2 4 6 7 |  7.0
Charms         | 2 |  2.9
Stealth        | |  1.7

Action                   |  1- 3 |  4- 6 |  7- 9 | 10-12 || total
-------------------------+-------+-------+-------+-------++-------
Melee: Dagger            |    58 |    13 |       |       ||    71
       Tailslap          |     2 |     5 |    18 |     4 ||    29
       Spear             |       |    50 |   199 |    44 ||   293
 Fire: Hunting sling     |       |       |    12 |       ||    12
Throw: Dart              |       |    33 |    18 |       ||    51
       Throwing net      |       |     1 |     2 |       ||     3
 Cast: Freeze            |    70 |    94 |   128 |   118 ||   410
       Throw Frost       |       |    21 |    40 |     7 ||    68
       Summon Ice Beast  |       |       |    62 |    38 ||   100
       Throw Icicle      |       |       |       |     6 ||     6
       Ozocubu's Armour  |       |       |       |     5 ||     5
 Abil: Breathe Dispellin |       |       |     8 |     1 ||     9
Evoke: Wand              |       |     3 |    24 |     4 ||    31
  Use: Scroll            |       |     2 |     7 |       ||     9
       Potion            |       |       |       |     1 ||     1
 Stab: Sleeping          |     2 |     2 |     2 |       ||     6
       Held in net/web   |       |       |     2 |       ||     2
       Distracted        |       |       |     1 |       ||     1
  Eat: Chunk             |     4 |    25 |    37 |    16 ||    82
       Ration            |       |     1 |     1 |       ||     2
Armor: Skin              |    23 |    33 |    94 |    35 ||   185
Dodge: Dodged            |    77 |    85 |   180 |    83 ||   425
Block: Buckler           |       |     3 |    65 |    23 ||    91
